 Dungeon Crawl Stone Soup version 0.19.4-12-gccf7e64 (console) character file.

1068 Grinner the Ruffian (level 8, -3/74 HPs)
             Began as a Troll Monk on Feb 26, 2017.
             Slain by Blork the orc
             ... wielding a +2 halberd of venom
              (6 damage)
             ... on level 5 of the Dungeon on Feb 27, 2017.
             The game lasted 00:09:49 (3524 turns).

Grinner the Ruffian (Troll Monk)                    Turns: 3524, Time: 00:09:49

Health: -3/74      AC:  8    Str: 26    XL:     8   Next: 7%
Magic:  7/7        EV:  9    Int:  6    God:
Gold:   204        SH: 13    Dex: 13    Spells: 1 memorised, 6 levels left

rFire  . . .     SeeInvis .       - Unarmed
rCold  . . .     Gourm    +     s - +2 robe {MR+}
rNeg   + . .     Faith    .     l - +0 shield
rPois  .         Spirit   .     (helmet restricted)
rElec  .         Reflect  +     q - +0 cloak
rCorr  .         Harm     .     (gloves unavailable)
MR     +....                    (boots unavailable)
Stlth  ++........               h - +3 amulet of reflection
                                (no ring)
                                e - ring of positive energy

@: mighty, lethally poisoned (-3 -> -54), about to teleport
A: unfitting armour, claws 3, fast metabolism 3, gourmand, regeneration 1,
shaggy fur 1, tough skin 2
a: no special abilities


You were on level 5 of the Dungeon.
You were very full.

You visited 1 branch of the dungeon, and saw 5 of its levels.

You collected 204 gold pieces.

Inventory:

Armour
 l - a +0 shield (worn)
 q - a +0 cloak (worn)
 s - a +2 robe of magic resistance (worn)
Jewellery
 e - a ring of positive energy (left claw)
 h - a +3 amulet of reflection (around neck)
 m - an uncursed ring of ice
Scrolls
 c - a scroll of remove curse {unknown}
 d - 2 scrolls of teleportation
 j - a scroll of blinking {unknown}
 n - a scroll of enchant armour {unknown}
 p - a scroll of identify {unknown}
Potions
 f - 2 potions of degeneration
Books
 o - a book of Cantrips

   Spells                             Type                      Level
   a - Confusing Touch                Hexes                        1
   b - Animate Skeleton               Necromancy                   1
   c - Summon Small Mammal            Summoning                    1
   d - Apportation                    Translocation                1
Comestibles
 b - 5 bread rations
 g - 5 fruits
 i - 4 meat rations


   Skills:
 - Level 2.4 Fighting
 - Level 2.4 Dodging
 - Level 1.0 Stealth
 * Level 4.8 Shields
 + Level 6.8 Unarmed Combat
 + Level 2.5 Hexes


You had 6 spell levels left.
You knew the following spells:

 Your Spells              Type           Power        Failure   Level  Hunger
x - Confusing Touch       Hex            #.....       43%         1    ##.....


Dungeon Overview and Level Annotations

Branches:
Dungeon (5/15)
 Temple: D:4-7

Altars:
Cheibriados
Dithmenos
Elyvilon
Vehumet
Xom

Annotations:
D:5 Blork the orc


Innate Abilities, Weirdness & Mutations

You are too large for most types of armour.
You have claws for hands.
Your metabolism is lightning-fast.
You like to eat raw meat.
Your natural rate of healing is unusually fast.
You are covered in fur. (AC +1)
You have very tough skin. (AC +2)


Message History

You feel very mighty all of a sudden.
You feel very sick. You block something's attack. Something hits you.
You feel very sick. Something hits you!
* * * LOW HITPOINT WARNING * * *
You are more poisoned.
You see here an adder corpse.
As you read the scroll labeled TEOLU CYPPE, it crumbles to dust.
You feel strangely unstable.
It was a scroll of teleportation.
* * * LOW HITPOINT WARNING * * *
You feel very sick. Something hits you.
* * * LOW HITPOINT WARNING * * *
You are more poisoned.
You claw something!
* * * LOW HITPOINT WARNING * * *
You feel very sick. Something hits you.
You die...

. J. ...
.o..
.....####
....S..J#
####.##{#
#@# #.#
#.# #.#
#.# #.
#.# ...
#.# #.#
#.# #.#
#.#


You could see an ooze.

Vanquished Creatures
  The ghost of zachydoo the Chopper, an amateur DsGl (D:3)
  Duvessa (D:5)
  An ice beast (D:5)
  A phantom (D:4)
  Dowan (D:5)
  A howler monkey (D:4)
  A gnoll shaman (D:4)
  3 orc wizards
  A hound (D:5)
  2 orc priests
  2 worker ants (D:4)
  A howler monkey skeleton (D:4)
  10 adders
  11 gnolls
  An ooze (D:4)
  A worm (D:3)
  4 dart slugs
  3 leopard geckos
  11 orcs
  5 giant cockroaches
  4 goblins
  6 hobgoblins
  7 jackals
  3 quokkas (D:4)
  14 bats
  6 frilled lizards
  11 kobolds
  A quokka zombie (D:5)
  6 rats
120 creatures vanquished.

Notes
Turn   | Place    | Note
-------+----------+-------------------------------------------
     0 | D:1      | Grinner the Troll Monk began the quest for the Orb.
     0 | D:1      | Reached XP level 1. HP: 22/22 MP: 0/0
   148 | D:1      | Reached XP level 2. HP: 29/29 MP: 1/1
   299 | D:1      | Reached skill level 4 in Unarmed Combat
   449 | D:1      | Reached XP level 3. HP: 36/36 MP: 2/2
   922 | D:2      | Reached XP level 4. HP: 44/44 MP: 3/3
   930 | D:2      | Reached skill level 5 in Unarmed Combat
   932 | D:2      | Upgraded the game from 0.19.4-10-g532645f to 0.19.4-12-gccf7e64
   953 | D:2      | Found a shadowy altar of Dithmenos.
  1363 | D:3      | Learned a level 1 spell: Confusing Touch
  1395 | D:3      | Reached skill level 1 in Shields
  1465 | D:3      | Reached XP level 5. HP: 46/50 MP: 4/4
  1477 | D:3      | Found a white marble altar of Elyvilon.
  1484 | D:3      | Found a snail-covered altar of Cheibriados.
  1485 | D:3      | Found a shimmering altar of Xom.
  1495 | D:3      | Found a shadowy altar of Dithmenos.
  1681 | D:3      | Found a radiant altar of Vehumet.
  1759 | D:3      | Noticed zachydoo's ghost (amateur DsGl)
  1885 | D:3      | Killed zachydoo's ghost
  1885 | D:3      | Reached XP level 6. HP: 25/59 MP: 5/5
  2174 | D:4      | Reached skill level 6 in Unarmed Combat
  2179 | D:4      | Reached skill level 1 in Hexes
  2628 | D:4      | Reached XP level 7. HP: 58/66 MP: 6/6
  3247 | D:5      | Entered Level 5 of the Dungeon
  3352 | D:5      | Noticed Duvessa
  3354 | D:5      | Noticed Dowan
  3363 | D:5      | Killed Duvessa
  3386 | D:5      | Killed Dowan
  3386 | D:5      | Reached XP level 8. HP: 24/74 MP: 7/7
  3497 | D:5      | Noticed Blork the orc
  3524 | D:5      | HP: 3/74 [poisoned by Blork the orc]
  3524 | D:5      | Slain by Blork the orc

Skill      XL: |  1  2  3  4  5  6  7 |
---------------+----------------------+-----
Unarmed Combat | 4 5 6 |  6.8
Shields        | 1 2 3 4 |  4.8
Hexes          | 1 2 |  2.5
Fighting       | |  2.4
Dodging        | |  2.4
Stealth        | |  1.0

Action                   |  1- 3 |  4- 6 |  7- 9 || total
-------------------------+-------+-------+-------++-------
Melee: Unarmed           |    94 |   170 |    88 ||   352
       Punch             |     3 |     1 |       ||     4
  Use: Potion            |       |     4 |     3 ||     7
       Scroll            |       |       |     1 ||     1
 Stab: Sleeping          |     3 |     5 |       ||     8
  Eat: Chunk             |    13 |    15 |     9 ||    37
Armor: Robe              |    47 |    38 |    23 ||   108
Dodge: Dodged            |    59 |    44 |    21 ||   124
Block: Other             |     8 |       |       ||     8
       Shield            |       |    93 |    46 ||   139
       Reflection        |       |     4 |       ||     4
